 Dungeon Crawl Stone Soup version 0.25-a0-505-gae4569222e (webtiles) character file.

Game seed: 8801797362677695431, levelgen mode: deterministic

696 Fimbulvetr the Firebug (level 7, -4/51 HPs)
             Began as a Demonspawn Fire Elementalist on Feb 14, 2020.
             Slain by a troll (11 damage)
             ... on level 4 of the Dungeon.
             The game lasted 00:18:57 (4356 turns).

Fimbulvetr the Firebug (DsFE)                       Turns: 4356, Time: 00:18:57

Health: -4/51      AC:  6    Str:  8    XL:     7   Next: 37%
Magic:  4/12       EV: 12    Int: 21    God:
Gold:   308        SH:  0    Dex: 14    Spells: 6/13 levels left

rFire    . . .     SeeInvis .   v - +2 trident (freeze)
rCold    . . .     Gourm    .   (no shield)
rNeg     . . .     Faith    .   a - +0 robe
rPois    .         Spirit   .   (no helmet)
rElec    .         Reflect  .   g - +0 cloak
rCorr    .         Harm     .   i - +2 pair of gloves
MR       .....                  (no boots)
Stlth    ++........             m - amulet of regeneration
HPRegen  0.57/turn              p - +3 ring of intelligence
MPRegen  0.13/turn              (no ring)

@: very slightly contaminated
A: hooves 1, powered by death 1, rot immunity
a: no special abilities


You were on level 4 of the Dungeon.
You were hungry.

You visited 1 branch of the dungeon, and saw 4 of its levels.

You collected 308 gold pieces.

Inventory:

Hand Weapons
 q - a +2 whip of electrocution
 v - a +2 trident of freezing (weapon)
Armour
 a - a +0 robe (worn)
 g - a +0 cloak (worn)
 i - a +2 pair of gloves (worn)
Jewellery
 h - an uncursed amulet of harm {unknown}
 m - an amulet of regeneration (around neck)
 p - a +3 ring of intelligence (left hand)
Scrolls
 b - 3 scrolls of fog
 e - 2 scrolls of remove curse {unknown}
 f - 8 scrolls of identify
 l - 3 scrolls of teleportation
 s - a scroll of enchant weapon
Potions
 d - a potion of brilliance {unknown}
 j - a potion of berserk rage {unknown}
 k - a potion of heal wounds {unknown}
 n - a potion of resistance {unknown}
 o - 2 potions of might {unknown}
 r - 2 potions of curing
 u - a potion of flight {unknown}
Comestibles
 c - 7 rations


   Skills:
 + Level 2.9 Fighting
 - Level 1.7 Dodging
 - Level 1.7 Stealth
 + Level 3.5 Spellcasting
 * Level 4.7 Conjurations
 * Level 5.0 Fire Magic


You had 6 spell levels left.
You knew the following spells:

 Your Spells              Type           Power        Failure   Level  Hunger
a - Foxfire               Conj/Fire      ###.         1%          1    None
b - Conjure Flame         Conj/Fire      ###.....     4%          3    ###....
c - Magic Dart            Conj           ###.         1%          1    None
d - Blink                 Tloc           N/A          19%         2    ##.....

Your spell library contained the following spells:

 Spells                   Type           Power        Failure   Level  Hunger
 Inner Flame              Hex/Fire       ##......     14%         3    ###....
 Sticky Flame             Conj/Fire      ###.....     17%         4    ####...
 Call Imp                 Summ           #.......     19%         2    ##.....
 Slow                     Hex            #.......     19%         2    ##.....
 Mephitic Cloud           Conj/Pois/Air  ##......     21%         3    ###....
 Fireball                 Conj/Fire      ###.......   43%         5    ######.


Dungeon Overview and Level Annotations

Branches:
Dungeon (4/15)
 Temple: D:4-7

Altars:
Makhleb


Innate Abilities, Weirdness & Mutations

You have large cloven feet.
You regenerate a little health from kills.
You are immune to rotting.


Message History

The fire begins to smolder!
The troll smothers the flame.
You barely miss the troll. Your kick misses the troll.
The troll is lightly wounded.
The troll misses you. The troll claws you! The troll claws you.
The troll bites you! The troll closely misses you. The troll claws you!
* * * LOW HITPOINT WARNING * * *
You puncture the troll! You freeze the troll.
The troll is moderately wounded.
The troll bites you but does no damage. The troll completely misses you.
The troll claws you!
* * * LOW HITPOINT WARNING * * *
You hit the troll. You freeze the troll. You kick the troll.
The troll is heavily wounded.
The troll closely misses you. The troll claws you but does no damage.
The troll barely misses you.
You hit the troll. You freeze the troll.
The troll is heavily wounded.
The troll bites you!
You die...

.....#.....# #.# ♣.♣.......# #..
....<..###.###.####.........###..
.................#♣.♣.........)..
......#####.#.##..#........#.....
........# #.......♣.♣........##..
........#####.##.............###.
..............##.#♣.♣........# #.
..........................#..###.
.............###@#...............
....##.......# #T##.......#.###..
....##.......###.................
.##...#.......##.##.........###.#
..###............##.#..#.##.###.#
.♣####.....(......#......##......
.♣....................##.##.###.#
.♣.###...................##.###..
.♣.####......###)##.###..........


You could see a troll.

Vanquished Creatures
  2 ogres (D:4)
  A phantom (D:4)
  Blork the orc (D:4)
  A howler monkey (D:4)
  A crimson imp (D:3)
  A centaur skeleton (D:4)
  2 worker ants (D:4)
  3 hound skeletons (D:4)
  7 adders
  A gnoll (D:2)
  An ooze (D:2)
  2 adder skeletons (D:4)
  A worm (D:2)
  4 dart slugs
  5 leopard geckos
  11 orcs
  6 giant cockroaches
  3 goblins
  9 hobgoblins
  A jackal (D:2)
  2 quokkas
  2 ball pythons
  7 bats
  5 frilled lizards
  7 kobolds
  A quokka skeleton (D:4)
  9 rats
96 creatures vanquished.

Vanquished Creatures (others)
  105 foxfires
105 creatures vanquished.

Grand Total: 201 creatures vanquished

Notes
Turn   | Place    | Note
-------+----------+-------------------------------------------
     0 | D:1      | Fimbulvetr the Demonspawn Fire Elementalist began the quest
                  | for the Orb.
     0 | D:1      | Reached XP level 1. HP: 13/13 MP: 3/3
     0 | D:1      | Upgraded the game from 0.25-a0-503-ge281fa673e to
                  | 0.25-a0-505-gae4569222e
    70 | D:1      | Gained mutation: You regenerate a little health from kills.
                  | [demonic ancestry]
    70 | D:1      | Reached XP level 2. HP: 20/20 MP: 0/5
   169 | D:1      | Reached skill level 3 in Fire Magic
   406 | D:1      | Gained mutation: You have large cloven feet. [demonic
                  | ancestry]
   406 | D:1      | Reached XP level 3. HP: 25/25 MP: 3/6
   573 | D:2      | Learned a level 3 spell: Conjure Flame
   817 | D:2      | Reached skill level 1 in Fighting
   988 | D:2      | Noticed an ice beast
  1511 | D:2      | Reached XP level 4. HP: 22/32 MP: 5/7
  1889 | D:2      | Found a burning altar of Makhleb.
  2485 | D:3      | Reached XP level 5. HP: 36/37 MP: 8/8
  2899 | D:3      | Reached skill level 4 in Fire Magic
  3026 | D:4      | Noticed an ogre
  3038 | D:4      | Killed an ogre
  3038 | D:4      | Reached XP level 6. HP: 44/44 MP: 7/10
  3041 | D:4      | Learned a level 1 spell: Magic Dart
  3044 | D:4      | Learned a level 2 spell: Blink
  3492 | D:4      | Noticed Blork the orc
  3494 | D:4      | Gained mutation: You are immune to rotting. [demonic
                  | ancestry]
  3494 | D:4      | Reached XP level 7. HP: 49/51 MP: 11/11
  3542 | D:4      | Killed Blork the orc
  3923 | D:4      | Reached skill level 5 in Fire Magic
  4102 | D:4      | Noticed a troll
  4356 | D:4      | Slain by a troll

Levels and vault maps discovered:
D:1:      eino_arrival_water_star, layout_rooms, minmay_tripent
D:2:      layout_basic, makhleb_blood_cavern_becter,
          chequers_serial_rivers_micro_c, minmay_mini_jars
D:3:      layout_basic, minmay_joined_circles
D:4:      layout_rooms, serial_forest, infiniplex_forest_clump_small,
          infiniplex_forest_straight_4, infiniplex_forest_straight_2,
          infiniplex_forest_straight_2, infiniplex_forest_lined_2,
          infiniplex_forest_clump_diagonal, minmay_increasing_density,
          uniq_blork_the_orc

Skill      XL: |  1  2  3  4  5  6  7 |
---------------+----------------------+-----
Fire Magic     | 3 4 5 |  5.0
Conjurations   | 2 3 4 |  4.7
Fighting       | 1 2 |  2.9
Spellcasting   | 3 |  3.5
Dodging        | |  1.7
Stealth        | |  1.7

Action                   |  1- 3 |  4- 6 |  7- 9 || total
-------------------------+-------+-------+-------++-------
Melee: Whip              |    52 |    89 |       ||   141
       Kick              |     5 |    24 |     6 ||    35
       Trident           |       |    47 |    57 ||   104
 Cast: Foxfire           |    52 |    33 |       ||    85
       Conjure Flame     |     2 |     3 |     4 ||     9
       Magic Dart        |       |    11 |       ||    11
       Blink             |       |       |     4 ||     4
  Use: Potion            |     1 |       |       ||     1
       Scroll            |       |    10 |       ||    10
 Stab: Sleeping          |     1 |     7 |     2 ||    10
  Eat: Chunk             |     3 |     3 |     3 ||     9
       Ration            |       |     1 |       ||     1
Armor: Robe              |    18 |    22 |    17 ||    57
Dodge: Dodged            |    64 |    69 |    41 ||   174

Table legend:
 A = Non-vault XP
 B = Vault XP
 C = Vault XP percentage of total XP
 D = Non-vault monster count
 E = Vault monster count
 F = Vault count percentage of total count
                 A         B        C        D         E       F
            +---------+---------+-------+---------+---------+-------
      Total |     625 |     370 |  37.2 |      72 |      24 |  25.0
            +---------+---------+-------+---------+---------+-------
        D:1 |      40 |       2 |   4.8 |      21 |       2 |   8.7
        D:2 |      54 |      27 |  33.3 |      13 |      10 |  43.5
        D:3 |     138 |      22 |  13.8 |      21 |       5 |  19.2
        D:4 |     393 |     319 |  44.8 |      17 |       7 |  29.2
            +---------+---------+-------+---------+---------+-------
